 Dungeon Crawl Stone Soup version 0.18-a0-1350-g404b4cb (webtiles) character file.

25 Duffy the Ruffian (level 3, -1/34 HPs)
             Began as a Naga Monk on Feb 18, 2016.
             Slain by Ijyb
             ... wielding a +0 club
              (3 damage)
             ... on level 2 of the Dungeon.
             The game lasted 00:00:30 (768 turns).

Duffy the Ruffian (Naga Monk)                        Turns: 768, Time: 00:00:30

Health: -1/34      AC:  2    Str: 14    XL:     3   Next: 4%
Magic:  3/3        EV: 10    Int: 10    God:
Gold:   34         SH:  0    Dex: 13    Spells: 0 memorised, 2 levels left

rFire  . . .     SeeInvis +       - Unarmed
rCold  . . .     Gourm    .     a - +0 robe
rNeg   . . .     Faith    .     (no shield)
rPois  +         Spirit   .     (no helmet)
rElec  .         Dismiss  .     (no cloak)
rCorr  .         Reflect  .     (no gloves)
SustAt .         Harm     .     (no barding)
MR     .....                    (no amulet)
Stlth  ++........               (no ring)
                                (no ring)

@: very slow, not resistant to hostile enchantments, unstealthy
A: see invisible, deformed body, poison resistance, slowness 2, slow metabolism
1, spit poison 2, AC +1
a: Spit Poison


You were on level 2 of the Dungeon.
You were not hungry.

You visited 1 branch of the dungeon, and saw 2 of its levels.

You collected 34 gold pieces.


Innate Abilities, Weirdness & Mutations

You cannot wear boots.
Your serpentine skin is tough (AC +1).
You have supernaturally acute eyesight.
Armour fits poorly on your strangely shaped body.
Your system is resistant to poisons.
You cover ground very slowly.
You have a slow metabolism.
You can spit poison.


   Skills:
 - Level 3.0 Fighting
 - Level 2.4 Dodging
 - Level 3.0 Stealth
 + Level 4.9 Unarmed Combat


You had 2 spell levels left.
You didn't know any spells.

Inventory:

Armour
 a - a +0 robe (worn)
Scrolls
 j - a scroll of immolation {unknown}
Potions
 c - a potion of curing {unknown}
 d - a potion of agility {unknown}
 e - a potion of flight {unknown}
 f - a potion of lignification {unknown}
 i - a potion of ambrosia {unknown}
 k - a potion of brilliance {unknown}
Comestibles
 b - 2 bread rations
 g - a meat ration
 h - a slice of pizza

Dungeon Overview and Level Annotations

Branches:
Dungeon (2/15)

Altars:

Annotations:
D:2 Ijyb


Message History

Ijyb hits you but does no damage.
You hit Ijyb.
Ijyb is moderately wounded.
Ijyb zaps a wand.
The puff of flame hits you!
You are too injured to fight recklessly!
You are too injured to fight recklessly!
You are too injured to fight recklessly!
You are too injured to fight recklessly!
You are too injured to fight recklessly!
You are too injured to fight recklessly!
You are too injured to fight recklessly!
You are too injured to fight recklessly!
You are too injured to fight recklessly!
You are too injured to fight recklessly!
You are too injured to fight recklessly!
You are too injured to fight recklessly!
You are too injured to fight recklessly!
You are too injured to fight recklessly!
You are too injured to fight recklessly!
You are too injured to fight recklessly!
You are too injured to fight recklessly!
You are too injured to fight recklessly!
You are too injured to fight recklessly!
You are too injured to fight recklessly!
You are too injured to fight recklessly!
You are too injured to fight recklessly!
You are too injured to fight recklessly!
You are too injured to fight recklessly!
You closely miss Ijyb.
Ijyb is moderately wounded.
Ijyb zaps a wand.
The puff of flame hits you!
You hit Ijyb but do no damage.
Ijyb is moderately wounded.
Ijyb hits you with a club.
You die...

#### ..# #g# #@#
################.#
.......<.......(.#
##################


You could see Ijyb.

Action                   || total
-------------------------++-------
Melee: Unarmed           ||    55
 Stab: Sleeping          ||     2

Notes
Turn   | Place    | Note
--------------------------------------------------------------
     0 | D:1      | Duffy the Naga Monk began the quest for the Orb.
     0 | D:1      | Reached XP level 1. HP: 21/21 MP: 1/1
   108 | D:2      | Reached XP level 2. HP: 4/28 MP: 2/2
   691 | D:2      | Reached XP level 3. HP: 34/34 MP: 3/3
   756 | D:2      | Noticed Ijyb
   768 | D:2      | Slain by Ijyb

Vault maps used:
D:1:      minmay_arrival_checkered_box
D:2:      first_bread, uniq_iyjb

Vanquished Creatures
  2 adders
  A goblin
  A hobgoblin
  A ball python
  A bat
  3 rats
9 creatures vanquished.
